 Dungeon Crawl Stone Soup version 0.27.0-1-g7a089689b8 (webtiles) character file.

Game seed: 6623236384876564874

6067 MajorAdolf the Fighter (level 10, 0/96 HPs)
             Began as a Naga Wanderer on Aug 17, 2021.
             Was an Initiate of Gozag.
             Slain by a rust devil (6 damage)
             ... on level 1 of the Abyss.
             The game lasted 00:19:30 (14477 turns).

MajorAdolf the Fighter (Naga Wanderer)             Turns: 14477, Time: 00:19:30

Health: 0/96       AC: -1    Str: 20 (22) XL:     10   Next: 87%
Magic:  10/10      EV:  5    Int: 14 (15) God:    Gozag
Gold:   215        SH:  0    Dex:  6 (7)  Spells: 9/9 levels left

rFire    . . .     SeeInvis +   L - +5 battleaxe
rCold    . . .     Faith    .   (shield currently unavailable)
rNeg     . . .     Spirit   .   x - +0 plate armour
rPois    +         Reflect  .   w - +1 helmet
rElec    .         Harm     .   G - scarf {+Inv}
rCorr    .         Rampage  .   K - +0 pair of gloves {Str+3}
Will     ++...     Rnd*Tele +   (no barding)
Stlth    ..........             (no amulet)
HPRegen  0.26/turn              y - ring of willpower
MPRegen  0.12/turn              B - +4 ring of protection

@: about to teleport, corroded, very slow
A: AC +3, large, see invisible, deformed body, poison resistance, slowness 2,
spit poison 2, naga tail 1, deterioration 1, teleportitis 1, subdued magic 1,
noise suppression
a: Breathe Poison Gas, Renounce Religion, Evoke Invisibility, Potion Petition,
Call Merchant, Bribe Branch


You were on level 1 of the Abyss.
You worshipped Gozag.
Gozag was aware of your devotion.
You visited 2 branches of the dungeon, and saw 10 of its levels.
You visited the Abyss 1 time.

You collected 1167 gold pieces.
You spent 891 gold pieces at shops.
You paid 61 gold pieces to Gozag.

Inventory:

Hand Weapons
 a - a +2 hand axe
 L - a +5 battleaxe (weapon)
Armour
 g - a scarf of shadows
 n - a +0 buckler
 w - a +1 helmet (worn)
 x - a +0 plate armour (worn)
 G - a scarf of invisibility (worn)
 K - a +0 pair of gloves of strength (worn)
Magical Staves
 b - a staff of conjuration
Jewellery
 y - a ring of willpower (left hand)
 B - a +4 ring of protection (right hand)
Wands
 C - a wand of polymorph (11)
 D - a wand of flame (15)
 E - a wand of acid (11)
 F - a wand of charming (5)
Scrolls
 c - a scroll of silence
 d - 2 scrolls of amnesia
 h - 2 scrolls of noise
 l - 3 scrolls of teleportation
 v - 4 scrolls of magic mapping
 z - a scroll of fog
 A - a scroll of vulnerability
 H - a scroll of torment
 I - 4 scrolls of fear
 J - 3 scrolls of enchant weapon
Potions
 e - 2 potions of resistance
 f - 2 potions of flight {unknown}
 i - 4 potions of lignification
 j - a potion of brilliance
 m - 3 potions of curing {unknown}
 o - a potion of invisibility
 p - 2 potions of haste
 q - 2 potions of ambrosia {unknown}
 r - 2 potions of might {unknown}
 s - a potion of cancellation {unknown}
 t - 2 potions of attraction {unknown}
 u - a potion of degeneration {unknown}


   Skills:
 + Level 8.0 Fighting
 + Level 6.9 Axes
 - Level 1.0(4.3) Maces & Flails
 + Level 6.0 Armour
 + Level 5.7 Dodging
 - Level 3.0 Stealth
 + Level 4.4 Shields
 + Level 5.7 Evocations


You had 9 spell levels left.
You didn't know any spells.
Your spell library contained the following spells:

 Spells                   Type           Power      Damage    Failure   Level
 Sandblast                Erth           0%         2d4       99%         1
 Shock                    Conj/Air       0%         1d3       99%         1
 Passwall                 Tmut/Erth      0%         N/A       100%        2
 Conjure Flame            Conj/Fire      0%         6-21      100%        3
 Ignite Poison            Fire/Tmut/Pois 0%         N/A       100%        3
 Swiftness                Air            0%         N/A       100%        3
 Airstrike                Air            0%         N/A       100%        4
 Sticky Flame             Conj/Fire      0%         2d3       100%        4
 Lee's Rapid Deconstruct  Erth           0%         3d5*      100%        5


Dungeon Overview and Level Annotations

Branches:
Dungeon (9/15)             Temple (1/1) D:5
   Lair: D:8-11         Orc: D:9-12

Altars:
Ashenzari
Cheibriados
Dithmenos
Elyvilon
Fedhas
Gozag
Hepliaklqana
Kikubaaqudgha
Makhleb
Nemelex Xobeh
Okawaru
Qazlal
Ru
Trog
Uskayaw
Vehumet
Wu Jian
Yredelemnul
Zin
The Shining One
Beogh

Shops:
D:5 (   D:6 [*(   D:7 *   D:9 [

Annotations:
D:3 3 runed translucent doors, Millie's ghost, amateur MiFi
D:4 1 runed translucent door, bidolon's ghost, amateur GnMo
D:5 1 runed translucent door, Shym's ghost, novice BaTm
D:9 Erolcha


Innate Abilities, Weirdness & Mutations

Your serpentine skin is tough. (AC +3)
You have supernaturally acute eyesight. (SInv)
Armour fits poorly on your strangely shaped body.
Your system is resistant to poisons. (rPois)
You cover ground very slowly.
You can exhale a cloud of poison.
You have a snake-like lower body.
Your body sometimes deteriorates upon taking damage.
You are occasionally teleported next to monsters.
Your spells are a little easier to cast, but a little less powerful.
You passively dampen the noise of your surroundings.


Message History

You recover from your berserk rage.
You start resting.
A rust devil comes into view.
The rust devil screeches!
As you read the scroll of teleportation, it crumbles to dust.
You feel strangely unstable.
You feel the power of the Abyss delaying your translocation!
Unknown command.
You slash the rust devil!
The rust devil is moderately wounded.
The rust devil hits you. The rust devil corrodes you!
You barely miss the rust devil.
The rust devil is moderately wounded.
The rust devil hits you. The rust devil corrodes you!
Unknown command.
You barely miss the rust devil.
The rust devil is moderately wounded.
The rust devil hits you. The rust devil corrodes you! The rust devil hits you.
* * * LOW HITPOINT WARNING * * *
The rust devil corrodes you!
Unknown command.
You closely miss the rust devil.
The rust devil is moderately wounded.
The rust devil hits you!
* * * LOW HITPOINT WARNING * * *
Your body deteriorates!
You feel weakened. The rust devil corrodes you!
Unknown command.
You slash the rust devil!
The rust devil is heavily wounded.
The rust devil hits you!
* * * LOW HITPOINT WARNING * * *
Your body deteriorates!
You feel dopey. The rust devil corrodes you!
Unknown command.
You hit the rust devil but do no damage.
The rust devil is heavily wounded.
The rust devil hits you.
You die...
Your body crumbles into a pile of gold.

. .
..##
#..#
#.
#.##
## ##
.#. .
. .
#### .
.#.#
... #
. . .
.
##ยง..
## ..
.. #.#
### #
..
##4.#
# #
#@# .#
.###
... .#
# # .
.# .#.
# ## #
. # ..
# . ..
# .


You could see a rust devil.

Vanquished Creatures
  Maggie (D:9)
  A troll (D:8)
  3 slime creatures
  A ynoxinul (Abyss:1)
  A wraith (D:9)
  8 yaks (D:9)
  A large abomination (Abyss:1)
  2 water moccasins
  3 orc warriors
  A sky beast (D:6)
  2 ogres (D:6)
  A necrophage (D:7)
  2 centaurs
  A phantom (D:4)
  A kobold brigand (D:6)
  5 bullfrogs
  2 scorpions
  A water moccasin skeleton (D:4)
  4 wights
  15 killer bees
  2 howler monkeys (D:6)
  A centaur skeleton (D:5)
  A centaur zombie (D:7)
  4 hounds
  5 jellies
  An orc priest (D:8)
  A bullfrog skeleton (D:6)
  A gnoll shaman (D:8)
  2 bullfrog zombies (D:6)
  4 iguanas
  4 orc wizards
  A scorpion zombie (D:3)
  2 hound skeletons
  A howler monkey zombie (D:9)
  4 gnolls (D:8)
  7 adders
  A dart slug (D:2)
  20 orcs
  6 endoplasms
  3 giant cockroaches
  4 goblins
  4 hobgoblins
  8 jackals
  12 kobolds
  2 quokkas
  7 ball pythons
  9 bats
  3 rats (D:3)
176 creatures vanquished.

Vanquished Creatures (others)
  13 plants (D:8)
  2 withered plants (D:5)
15 creatures vanquished.

Grand Total: 191 creatures vanquished

Notes
Turn   | Place    | Note
-------+----------+-------------------------------------------
     0 | D:1      | MajorAdolf the Naga Wanderer began the quest for the Orb.
     0 | D:1      | MajorAdolf set off with the following items: a +2 hand axe,
                  | a +0 ring mail, a +0 mace, a +0 dagger
     0 | D:1      | Reached XP level 1. HP: 22/22 MP: 1/1
   393 | D:1      | Reached XP level 2. HP: 30/30 MP: 2/2
   655 | D:1      | Found a faded altar of an unknown god.
  1402 | D:2      | Reached XP level 3. HP: 31/36 MP: 3/3
  1538 | D:2      | Reached skill level 1 in Dodging
  2019 | D:3      | Reached XP level 4. HP: 45/45 MP: 4/4
  2118 | D:3      | Noticed a scorpion
  2125 | D:3      | Killed a scorpion
  2126 | D:3      | Reached XP level 5. HP: 28/51 MP: 5/5
  2737 | D:3      | Found a runed translucent gate.
  2737 | D:3      | Found a runed translucent gate.
  2737 | D:3      | Found a runed translucent gate.
  2740 | D:3      | Noticed Millie's ghost (amateur MiFi)
  2764 | D:3      | Identified the +4 mace of Fate {flame, *Slow rElec rF+ rN+}
  3766 | D:4      | Reached XP level 6. HP: 51/60 MP: 6/6
  3790 | D:3      | Reached skill level 5 in Fighting
  4662 | D:4      | Reached XP level 7. HP: 42/67 MP: 7/7
  5073 | D:4      | Found a runed translucent door.
  5073 | D:4      | Noticed bidolon's ghost (amateur GnMo)
  5335 | D:5      | Entered Level 5 of the Dungeon
  5431 | D:5      | Found Soufop's Antique Weapon Emporium.
  5555 | D:5      | Found a runed translucent door.
  5556 | D:5      | Noticed Shym's ghost (novice BaTm)
  5903 | D:5      | Reached skill level 1 in Evocations
  6282 | D:5      | Found a staircase to the Ecumenical Temple.
  6302 | Temple   | Entered the Ecumenical Temple
  6433 | Temple   | Became a worshipper of Gozag Ym Sagoz the Greedy
  7281 | D:6      | Found Cisysk's Armour Shoppe.
  7316 | D:6      | Found Vocoal's Weapon Boutique.
  7444 | D:6      | Reached XP level 8. HP: 56/76 MP: 8/8
  7472 | D:6      | Bought a +1 helmet for 161 gold pieces
  7590 | D:6      | Reached skill level 1 in Shields
  7801 | D:6      | Reached skill level 6 in Fighting
  8598 | D:6      | Found Zygg's Assorted Antiques.
  8604 | D:6      | Bought an iron ring for 85 gold pieces
  8959 | D:6      | Found a white marble altar of Elyvilon.
  8998 | D:6      | Reached skill level 5 in Axes
  8998 | D:6      | Reached XP level 9. HP: 84/85 MP: 9/9
  9406 | D:7      | Found a shadowy altar of Dithmenos.
  9649 | D:7      | Found Baivuog's Assorted Antiques.
 10603 | D:6      | Bought 2 blue potions for 30 gold pieces
 10603 | D:6      | Bought a scroll labelled RAXKAU FOOL for 17 gold pieces
 10603 | D:6      | Bought 3 scrolls labelled LEIMAC XADUP for 51 gold pieces
 10603 | D:6      | Bought a scroll of identify for 34 gold pieces
 10609 | D:6      | Gained mutation: Your mind is acute. (Int +2) [potion of
                  | mutation]
 10609 | D:6      | Gained mutation: Your spells are a little easier to cast,
                  | but a little less powerful. [potion of mutation]
 10610 | D:6      | Lost mutation: Your mind is acute. (Int +2) [potion of
                  | mutation]
 10610 | D:6      | Gained mutation: Your body sometimes deteriorates upon
                  | taking damage. [potion of mutation]
 10610 | D:6      | Gained mutation: You are occasionally teleported next to
                  | monsters. [potion of mutation]
 10610 | D:6      | Gained mutation: You can exhale a cloud of poison. [potion
                  | of mutation]
 10610 | D:6      | Gained mutation: You passively dampen the noise of your
                  | surroundings. [potion of mutation]
 10845 | D:8      | Found a hide-covered altar of Uskayaw.
 10845 | D:8      | Noticed a +0 falchion
 10845 | D:8      | Noticed a +0 short sword
 10845 | D:8      | Noticed a +0 short sword
 10845 | D:8      | Noticed a +0 dagger
 10845 | D:8      | Noticed a +0 spear
 10845 | D:8      | Noticed a +0 spear
 10845 | D:8      | Noticed a +0 falchion
 10845 | D:8      | Noticed a +0 dagger
 10845 | D:8      | Noticed a troll
 11011 | D:8      | Reached skill level 7 in Fighting
 11033 | D:8      | Reached skill level 5 in Armour
 11403 | D:8      | Killed a troll
 11826 | D:7      | Bought a pair of embroidered gloves for 255 gold pieces
 11826 | D:7      | Bought a glowing golden potion for 30 gold pieces
 12341 | D:8      | HP: 3/86 [orc warrior (4)]
 12790 | D:9      | Noticed Maggie
 12804 | D:9      | Killed Maggie
 12805 | D:9      | Reached skill level 5 in Dodging
 12805 | D:9      | Reached XP level 10. HP: 93/94 MP: 10/10
 13142 | D:8      | Reached skill level 5 in Evocations
 14337 | D:9      | Found Hyveoda's Antique Armour Boutique.
 14345 | D:9      | Bought a transparent chain mail for 228 gold pieces
 14345 | D:9      | Identified the +1 chain mail "Nask" {Will- Int+7} (You
                  | bought it in a shop on level 9 of the Dungeon)
 14355 | D:9      | Noticed Erolcha
 14360 | D:9      | Cast into level 1 of the Abyss (Erolcha)
 14381 | Abyss:1  | Reached skill level 8 in Fighting
 14469 | Abyss:1  | Noticed a rust devil
 14477 | Abyss:1  | Slain by a rust devil

Illustrated notes

Levels and vault maps discovered:
D:1:      lightli_arrival_quake, layout_basic, shapermc_ecumenical_altar_ellora
D:2:      minmay_door_path, layout_basic
D:3:      layout_loops_ring, biasface_ghost_orc_armoury,
          grunt_decor_mini_mirrors
D:4:      layout_rooms, gammafunk_ghost_grave, minmay_misc_feat_more_columns,
          minmay_crystal_water
D:5:      layout_loops_cross, minmay_temple_entry_junction, serial_shops, shop,
          serial_co_window_serial, co_window_of_opportunity_a,
          co_window_cross_1, co_window_paths_b, co_window_corner_a,
          co_window_paths_a, co_window_cross_1, co_window_of_opportunity_a,
          co_window_corner_ca, co_window_broadway_c, co_window_2corner,
          co_window_cross_4, glass_columns_a, glass_columns_a, glass_columns_a,
          gammafunk_ghost_grave, kennysheep_generic_room_3
D:6:      layout_rooms, general_overflow_altar, serial_shops,
          nicolae_shop_temple_entry_statues_fountains, shop, shop,
          kennysheep_windowed_goal
D:7:      layout_layer_cave, mainiacjoe_overflow_small_starburst, serial_shops,
          shop, grunt_ministairs_12
D:8:      layout_loops_ring, nicolae_uskayaw_en_pointe, nicolae_zen_rock_garden,
          serial_bayou_ford_a
D:9:      layout_cave_pools, serial_shops, nicolae_stop_n_shop_1, uniq_maggie,
          uniq_erolcha, uniq_grum
Temple:   minmay_crystal_spiral_temple
Abyss:1:  base:
D:2

Skill      XL: |  1  2  3  4  5  6  7  8  9 10 |
---------------+-------------------------------+-----
Armour         | 2 3 4 5 6 |  6.0
Dodging        | 1 2 3 5 |  5.7
Axes           | 2 3 4 5 6 |  6.9
Fighting       | 5 6 7 8 |  8.0
Evocations     | 1 3 4 5 |  5.7
Shields        | 2 3 4 |  4.4
Maces & Flails | |  1.0
Stealth        | |  3.0

Action                   |  1- 3 |  4- 6 |  7- 9 | 10-12 || total
-------------------------+-------+-------+-------+-------++-------
Melee: Hand axe          |    86 |   190 |   461 |    27 ||   764
       Battleaxe         |       |       |       |   118 ||   118
 Abil: Spit Poison       |     6 |     5 |    17 |       ||    28
       Breathe Poison Ga |       |       |     3 |     4 ||     7
Evoke: Wand              |       |       |     4 |     1 ||     5
  Use: Scroll            |       |    14 |     6 |     1 ||    21
       Potion            |       |       |     2 |     1 ||     3
 Stab: Sleeping          |     2 |       |       |       ||     2
       Distracted        |       |       |       |     1 ||     1
Armor: Ring mail         |    52 |     5 |       |       ||    57
       Chain mail        |       |   113 |   300 |       ||   413
       Plate armour      |       |       |     4 |   113 ||   117
Dodge: Dodged            |    43 |    72 |   125 |    50 ||   290
Block: Buckler           |       |       |    56 |     2 ||    58
